 Dungeon Crawl Stone Soup version 0.23.0 (webtiles) character file.

Game seed: 5434673671904074383

170 vishdafish the Charmwright (level 5, 0/40 HPs)
             Began as a Demonspawn Skald on Feb 15, 2019.
             Was a Follower of Ashenzari.
             Slain by an iguana (7 damage)
             ... on level 4 of the Dungeon.
             The game lasted 00:05:12 (2399 turns).

vishdafish the Charmwright (Demonspawn Skald)       Turns: 2399, Time: 00:05:13

Health: 0/40       AC: 12    Str: 12    XL:     5   Next: 26%
Magic:  0/8        EV:  9    Int: 15    God:    Ashenzari [*.....]
Gold:   111        SH:  7    Dex: 12    Spells: 8/9 levels left

rFire    . . .     SeeInvis .   a - +0 spear
rCold    . . .     Gourm    .   n - +0 shield
rNeg     + . .     Faith    .   b - +0 leather armour
rPois    .         Spirit   +   q - +2 helmet
rElec    .         Reflect  .   (no cloak)
rCorr    .         Harm     .   (no gloves)
MR       .....                  (no boots)
Stlth    +.........             (no amulet)
HPRegen  0.13/turn              r - ring of positive energy
MPRegen  0.11/turn              (no ring)

@: infused (expiring), sanguine armour
A: claws 1, magic shield, sanguine armour 1
a: Curse Item, Scrying, Renounce Religion


You were on level 4 of the Dungeon.
You worshipped Ashenzari.
Ashenzari was aware of your devotion.
You were hungry.

You visited 1 branch of the dungeon, and saw 4 of its levels.

You collected 111 gold pieces.

Inventory:

Hand Weapons
 a - a +0 spear (weapon)
Armour
 b - a +0 leather armour (worn)
 n - a +0 shield (worn)
 q - a +2 helmet (worn)
Jewellery
 r - a ring of positive energy (left claw)
 t - a +2 ring of slaying
Scrolls
 g - 5 scrolls of remove curse
 i - a scroll of identify {unknown}
 j - a scroll of teleportation
 l - a scroll of fear {unknown}
 o - a scroll of immolation {unknown}
 p - a scroll of fog {unknown}
Potions
 c - 4 potions of heal wounds
 e - a potion of mutation {unknown}
 f - a potion of agility {unknown}
 h - a potion of brilliance {unknown}
 k - a potion of magic {unknown}
 m - a potion of berserk rage {unknown}
 s - a potion of curing {unknown}
Comestibles
 d - 7 rations


   Skills:
 + Level 2.8 Fighting
 + Level 2.3 Polearms
 + Level 1.7 Armour
 + Level 2.4 Dodging
 * Level 1.6 Shields
 + Level 2.5 Spellcasting
 + Level 3.2 Charms


You had 8 spell levels left.
You knew the following spells:

 Your Spells              Type           Power        Failure   Level  Hunger
a - Infusion              Chrm           ##..         38%         1    #......

Your spell library contained the following spells:

 Spells                   Type           Power        Failure   Level  Hunger
 Song of Slaying          Chrm           ##......     52%         2    ###....
 Shroud of Golubria       Chrm/Tloc      #.........   75%         2    ###....
 Regeneration             Chrm/Necr      #.........   93%         3    ###....
 Spectral Weapon          Hex/Chrm       #.......     93%         3    ###....


Dungeon Overview and Level Annotations

Branches:
Dungeon (4/15)
 Temple: D:4-7

Altars:
Ashenzari
Fedhas
Uskayaw

Annotations:
D:2 Sigmund
D:4 Grinder, Natasha


Innate Abilities, Weirdness & Mutations

You have sharp fingernails.
When hurt, damage is shared between your health and your magic reserves.
When seriously injured, your bleeding wounds create armour. (AC +6)


Message History

Your shield prevents you from hitting the scorpion.
The iguana bites you. The scorpion stings you.
* * * LOW HITPOINT WARNING * * *
You block the frilled lizard's attack.
You hit the scorpion but do no damage. The iguana bites you.
* * * LOW HITPOINT WARNING * * *
The scorpion stings you but does no damage.
The frilled lizard barely misses you.
You closely miss the scorpion. The iguana barely misses you.
The scorpion barely misses you.
The frilled lizard bites you but does no damage.
You block the iguana's attack.
The scorpion stings you but does no damage.
You are feeling hungry.
You hit the scorpion.
The scorpion is lightly wounded.
Your magical infusion is running out.
You block the frilled lizard's attack.
The crimson imp blinks!
The iguana bites you!
You die...

## ..#
.#oo######...#.#
..oh5wl@s......#
.#§h####l......#
#.......#
###...... ..?...
####.. .


You could see a scorpion, an iguana, an iron imp, an orc wizard, Natasha, a dart
slug, 2 orcs, a jackal and a frilled lizard.

Vanquished Creatures
  Terence (D:3)
  Robin (D:2)
  3 adders
  An ooze (D:3)
  A worm (D:2)
  2 dart slugs (D:1)
  3 orcs (D:3)
  2 giant cockroaches (D:3)
  17 goblins
  12 hobgoblins
  8 jackals
  A ball python (D:1)
  14 bats
  8 frilled lizards
  11 kobolds
  6 rats
91 creatures vanquished.

Notes
Turn   | Place    | Note
-------+----------+-------------------------------------------
     0 | D:1      | vishdafish the Demonspawn Skald began the quest for the
                  | Orb.
     0 | D:1      | Reached XP level 1. HP: 16/16 MP: 3/3
   138 | D:1      | Reached skill level 1 in Armour
   194 | D:1      | Gained mutation: You have sharp fingernails. [demonic
                  | ancestry]
   194 | D:1      | Reached XP level 2. HP: 22/22 MP: 5/5
   597 | D:1      | Reached skill level 3 in Charms
   785 | D:2      | Gained mutation: When seriously injured, your bleeding
                  | wounds create armour. (AC +6) [demonic ancestry]
   785 | D:2      | Reached XP level 3. HP: 13/28 MP: 3/6
   866 | D:2      | Noticed Sigmund
  1138 | D:2      | Noticed Robin
  1483 | D:2      | Killed Robin
  1483 | D:2      | Reached XP level 4. HP: 24/34 MP: 7/7
  1742 | D:2      | Reached skill level 1 in Shields
  1840 | D:2      | Found a hide-covered altar of Uskayaw.
  1935 | D:3      | Noticed Terence
  1977 | D:3      | Killed Terence
  1977 | D:3      | Gained mutation: When hurt, damage is shared between your
                  | health and your magic reserves. [demonic ancestry]
  1977 | D:3      | Reached XP level 5. HP: 21/39 MP: 6/8
  1979 | D:3      | Found a faded altar of an unknown god.
  2037 | D:3      | Found a blossoming altar of Fedhas.
  2239 | D:3      | Became a worshipper of Ashenzari the Shackled
  2239 | D:3      | Reached * piety under Ashenzari
  2379 | D:4      | Noticed Grinder
  2383 | D:4      | Noticed Natasha
  2399 | D:4      | Slain by an iguana

Skill      XL: |  1  2  3  4 |
---------------+-------------+-----
Armour         | 1 |  1.7
Dodging        | 2 |  2.4
Polearms       | 2 |  2.3
Charms         | 3 |  3.2
Shields        | 1 |  1.6
Fighting       | |  2.8
Spellcasting   | |  2.5

Action                   |  1- 3 |  4- 6 || total
-------------------------+-------+-------++-------
Melee: Spear             |   202 |   242 ||   444
 Cast: Infusion          |     2 |     4 ||     6
  Use: Potion            |     2 |       ||     2
       Scroll            |       |     2 ||     2
  Eat: Ration            |     1 |       ||     1
       Chunk             |       |     2 ||     2
Armor: Leather armour    |    63 |   105 ||   168
Dodge: Dodged            |    94 |   109 ||   203
Block: Shield            |    30 |    99 ||   129
